 Dungeon Crawl Stone Soup version 0.22.1-2-g9c5b331 (webtiles) character file.

665 teukkam the Chopper (level 7, -8/60 HPs)
             Began as a Minotaur Fighter on Dec 20, 2018.
             Mangled by an orc warrior
             ... wielding a cursed -3 halberd
              (24 damage)
             ... on level 6 of the Dungeon.
             The game lasted 00:10:12 (2166 turns).

teukkam the Chopper (Minotaur Fighter)              Turns: 2166, Time: 00:10:13

Health: -8/60      AC:  8    Str: 28    XL:     7   Next: 31%
Magic:  6/6        EV:  6    Int:  5    God:
Gold:   193        SH: 16    Dex:  9    Spells: 6/6 levels left

rFire    . . .     SeeInvis .   a - +0 war axe
rCold    . . .     Gourm    +   r - +0 large shield
rNeg     . . .     Faith    .   b - +1 scale mail
rPois    +         Spirit   .   (helmet restricted)
rElec    .         Reflect  .   (no cloak)
rCorr    .         Harm     .   (no gloves)
MR       .....                  (no boots)
Stlth    ++........             i - amulet of the gourmand
HPRegen  0.20/turn              k - ring of stealth
MPRegen  0.10/turn              w - ring of poison resistance

@: mighty
A: retaliatory headbutt, horns 2
a: no special abilities


You were on level 6 of the Dungeon.
You were completely stuffed.

You visited 1 branch of the dungeon, and saw 6 of its levels.

You collected 193 gold pieces.

Inventory:

Hand Weapons
 a - a +0 war axe (weapon)
 e - a +0 shortbow
 l - a +0 dagger
 n - a +0 scimitar
Missiles
 h - 25 poisoned needles
 j - 25 arrows
 q - 3 tomahawks (quivered)
 u - 10 bolts
Armour
 b - a +1 scale mail (worn)
 r - a +0 large shield (worn)
Jewellery
 i - an amulet of the gourmand (around neck)
 k - a ring of stealth (left hand)
 w - a ring of poison resistance (right hand)
Wands
 c - a wand of polymorph (11)
 t - a wand of flame (16)
Scrolls
 m - 7 scrolls of identify
 o - a scroll of fear {unknown}
 p - 3 scrolls of teleportation
 s - a scroll of enchant armour
Comestibles
 f - 8 rations
 v - 2 chunks of flesh


   Skills:
 - Level 4.8 Fighting
 + Level 2.6 Short Blades
 + Level 5.5 Axes
 - Level 4.9 Armour
 + Level 2.7 Stealth
 + Level 5.5 Shields


You had 6 spell levels left.
You didn't know any spells.
Your spell library contained the following spells:

 Spells                   Type           Power        Failure   Level  Hunger
 Corona                   Hex            #......      100%        1    ##.....
 Ensorcelled Hibernation  Hex/Ice        #.....       100%        2    ###....
 Confuse                  Hex            #.......     100%        3    ####...
 Dazzling Spray           Conj/Hex       #.....       100%        3    ####...
 Tukima's Dance           Hex            #.......     100%        3    ####...


Dungeon Overview and Level Annotations

Branches:
Dungeon (6/15)
 Temple: D:4-7

Altars:
Ashenzari
Kikubaaqudgha
Nemelex Xobeh


Innate Abilities, Weirdness & Mutations

You reflexively headbutt those who attack you in melee.
You have a pair of horns on your head.


Message History

a whip; a glowing leather armour; a dagger; a robe; an orc corpse It was a potion of ambrosia.
You are confused.
You feel invigorated. The orc hits you but does no damage.
The orc closely misses you. The orc hits you but does no damage.
The orc warrior completely misses you. The orc closely misses you.
The orc hits you but does no damage. x2
You're too confused to move!
You feel less invigorated.
You feel less confused.
The orc warrior hits you but does no damage.
The orc hits you.
* * * LOW HITPOINT WARNING * * *
The orc hits you but does no damage. You block the orc's attack.
You closely miss the orc. Your headbutt misses the orc.
You closely miss the orc warrior. You slash the orc!
You kill the orc!
You hit the orc. You block the orc's attack.
You block the orc warrior's attack. The orc hits you but does no damage. x2
The orc warrior hits you with a halberd!!
You die...

###. #.... #.. #.#.# ##.
#.#.# #.. . #.#.# ###.
... #.#.# #_..
..#.########.#.#######8.
..'...o))...............
..#...o@o).......#######
#.......##.#.### #
#..#######.#.#
....#..#######.#+##
..............)...#
....#..###........# #
..... #........# #..)..
#........# .......
#........#


You could see an orc warrior and 2 orcs.

Vanquished Creatures
  An ogre (D:5)
  A centaur (D:5)
  Blork the orc (D:4)
  2 scorpions
  2 orc priests
  3 orc wizards
  3 worker ants (D:4)
  A hound skeleton (D:6)
  4 adders
  A worm (D:6)
  8 dart slugs (D:3)
  2 leopard geckos (D:3)
  10 orcs
  5 giant cockroaches
  5 hobgoblins
  A jackal (D:1)
  A quokka (D:2)
  2 bats
  A frilled lizard (D:4)
  3 goblins
  2 kobolds
  A quokka skeleton (D:5)
  10 rats
70 creatures vanquished.

Notes
Turn   | Place    | Note
-------+----------+-------------------------------------------
     0 | D:1      | teukkam the Minotaur Fighter began the quest for the Orb.
     0 | D:1      | Reached XP level 1. HP: 19/19 MP: 0/0
    91 | D:1      | Reached XP level 2. HP: 26/27 MP: 1/1
   440 | D:3      | Reached XP level 3. HP: 22/33 MP: 2/2
   578 | D:3      | Reached XP level 4. HP: 40/40 MP: 3/3
   752 | D:5      | Entered Level 5 of the Dungeon
   796 | D:5      | Noticed a centaur
   802 | D:5      | Killed a centaur
   802 | D:5      | Reached XP level 5. HP: 43/47 MP: 4/4
   832 | D:5      | Noticed an ogre
   838 | D:5      | Killed an ogre
   838 | D:5      | Reached skill level 1 in Stealth
   838 | D:5      | Reached XP level 6. HP: 55/55 MP: 5/5
  1256 | D:4      | Noticed Blork the orc
  1269 | D:4      | Killed Blork the orc
  1269 | D:4      | Reached skill level 1 in Short Blades
  1269 | D:4      | Reached skill level 5 in Axes
  1378 | D:4      | Reached skill level 5 in Shields
  1585 | D:4      | Reached XP level 7. HP: 44/60 MP: 6/6
  2076 | D:6      | Found a shattered altar of Ashenzari.
  2079 | D:6      | Found a sparkling altar of Nemelex Xobeh.
  2094 | D:6      | Found an ancient bone altar of Kikubaaqudgha.
  2166 | D:6      | Mangled by an orc warrior

Skill      XL: |  1  2  3  4  5  6 |
---------------+-------------------+-----
Shields        | 4 5 |  5.5
Armour         | 4 |  4.9
Fighting       | 4 |  4.8
Axes           | 3 4 5 |  5.5
Stealth        | 1 2 |  2.7
Short Blades   | 2 |  2.6

Action                   |  1- 3 |  4- 6 |  7- 9 || total
-------------------------+-------+-------+-------++-------
Melee: War axe           |    51 |    87 |    33 ||   171
       Headbutt          |    10 |    19 |     1 ||    30
Throw: Tomahawk          |       |     3 |       ||     3
  Use: Scroll            |     4 |     2 |       ||     6
       Potion            |     2 |       |     2 ||     4
  Eat: Chunk             |     8 |     5 |     2 ||    15
Armor: Scale mail        |     9 |    24 |    26 ||    59
       Robe              |     7 |       |       ||     7
       Skin              |     4 |       |       ||     4
Dodge: Dodged            |    29 |    31 |    10 ||    70
Block: Shield            |    30 |    34 |       ||    64
       Large shield      |       |    15 |    46 ||    61
